MLB
CLEVELAND GUARDIANS @ DETROIT TIGERS
07/23/2041
 
TOP OF THE 1ST
Cleveland Guardians batting - Pitching for Detroit Tigers : LHP Alvin Williams
Pitching: LHP Alvin Williams
Batting: LHB José Consiglio 0-0: Ball
1-0: Ball
2-0: Ball
3-0: Fly out, F3 (Line Drive, 3L, EV 83.8 MPH)
Batting: RHB José Rodríguez 0-0: Called Strike
0-1: Ball
1-1: Swinging Strike
1-2: Ball
2-2: Ground out 4-3 (Groundball, 4M, EV 78.1 MPH)
Batting: RHB Wilfred Sanders 0-0: Called Strike
0-1: Ball
1-1: Fly out, F8 (Flyball, 78S, EV 83.1 MPH)
Top of the 1st over - 0 runs, 0 hits, 0 errors, 0 left on base; Cleveland 0 - Detroit 0
BOTTOM OF THE 1ST
Detroit Tigers batting - Pitching for Cleveland Guardians : RHP Mario Medina
Pitching: RHP Mario Medina
Batting: LHB Luis Arroyo 0-0: Ball
1-0: Swinging Strike
1-1: Ball
2-1: Called Strike
2-2: Ball
3-2: Foul Ball, location: 9LMFF
3-2: Strikes out swinging
Batting: RHB Luis Martínez 0-0: Swinging Strike
0-1: Swinging Strike
0-2: Strikes out swinging
Batting: SHB Jorge Figueroa 0-0: Foul Ball, location: 7LDF
0-1: Ball
1-1: Foul Ball, location: 9LSF
1-2: Foul Ball, location: 25F
1-2: Ball
2-2: TRIPLE (Line Drive, 78XD, EV 105.0 MPH)
Batting: LHB Shawn Kline 0-0: Called Strike
0-1: Ball
1-1: Fly out, F9 (Flyball, 9S, EV 90.6 MPH)
Bottom of the 1st over - 0 runs, 1 hit, 0 errors, 1 left on base; Cleveland 0 - Detroit 0
TOP OF THE 2ND
Cleveland Guardians batting - Pitching for Detroit Tigers : LHP Alvin Williams
Batting: RHB Jeff Jacobs 0-0: Ball
1-0: SINGLE (Groundball, 4MD, EV 95.0 MPH)
Batting: LHB Jesús Garza 0-0: Called Strike
0-1: Fly out, F7 (Flyball, 78M, EV 92.5 MPH)
Batting: RHB Jorge Velázquez 0-0: Ball
1-0: Grounds into double play, 6-4-3 (Groundball, 6, EV 79.4 MPH)
Top of the 2nd over - 0 runs, 1 hit, 0 errors, 0 left on base; Cleveland 0 - Detroit 0
BOTTOM OF THE 2ND
Detroit Tigers batting - Pitching for Cleveland Guardians : RHP Mario Medina
Batting: LHB Gene Keys 0-0: Ball
1-0: Called Strike
1-1: Ball
2-1: Fly out, F9 (Flyball, 9D, EV 97.5 MPH)
Batting: RHB Lião Palma 0-0: Ball
1-0: Ball
2-0: Called Strike
2-1: Fly out, F9 (Flyball, 89D, EV 109.4 MPH)
Batting: RHB Ed Hicks 0-0: Called Strike
0-1: TRIPLE (Flyball, 78XD, EV 90.0 MPH)
Batting: LHB Dave O'Rorke 0-0: Swinging Strike
0-1: Swinging Strike
0-2: Fly out, F8 (Flyball, 8RD, EV 100.6 MPH)
Bottom of the 2nd over - 0 runs, 1 hit, 0 errors, 1 left on base; Cleveland 0 - Detroit 0
TOP OF THE 3RD
Cleveland Guardians batting - Pitching for Detroit Tigers : LHP Alvin Williams
Batting: SHB Tim Webster 0-0: Called Strike
0-1: Foul Ball, location: 2F
0-2: Ball
1-2: Foul Ball, location: 25F
1-2: Strikes out swinging
Batting: LHB Juan Morales 0-0: Fly out, F6 (Popup, 4, EV 68.1 MPH)
Batting: RHB Faust Ghisolfi 0-0: Ball
1-0: Foul Ball, location: 2F
1-1: Foul Ball, location: 9LDF
1-2: Foul Ball, location: 9LSF
1-2: Foul Ball, location: 9LSF
1-2: Fly out, F6 (Popup, 4MS, EV 75.6 MPH)
Top of the 3rd over - 0 runs, 0 hits, 0 errors, 0 left on base; Cleveland 0 - Detroit 0
BOTTOM OF THE 3RD
Detroit Tigers batting - Pitching for Cleveland Guardians : RHP Mario Medina
Batting: RHB José Castillo 0-0: Foul Ball, location: 9LSF
0-1: Ball
1-1: Ball
2-1: DOUBLE (Line Drive, 7LS, EV 110.6 MPH)
Batting: LHB Luis Arroyo 0-0: Called Strike
0-1: Called Strike
0-2: Foul Ball, location: 7LSF
0-2: DOUBLE (Flyball, 89D, EV 100.0 MPH)
José Castillo scores
Batting: RHB Luis Martínez 0-0: Ball
1-0: Ball
2-0: Foul Ball, location: 3DF
2-1: Fly out, F6 (Popup, 4M, EV 73.1 MPH)
Batting: SHB Jorge Figueroa 0-0: Ball
1-0: Ball
2-0: Called Strike
2-1: Foul Ball, location: 9LMF
2-2: Ground out 6-3 (Groundball, 6, EV 105.6 MPH)
Batting: LHB Shawn Kline 0-0: SINGLE (Flyball, 78S, EV 98.8 MPH)
Luis Arroyo to third
Runner from 3rd tries for Home, SAFE, throw by LF to home
Batting: LHB Gene Keys 0-0: Ball
1-0: Ball
2-0: Called Strike
2-1: Swinging Strike
2-2: Strikes out swinging
Bottom of the 3rd over - 2 runs, 3 hits, 0 errors, 1 left on base; Cleveland 0 - Detroit 2
TOP OF THE 4TH
Cleveland Guardians batting - Pitching for Detroit Tigers : LHP Alvin Williams
Batting: LHB José Consiglio 0-0: Ball
1-0: Called Strike
1-1: Fly out, F9 (Flyball, 89S, EV 94.4 MPH)
Batting: RHB José Rodríguez 0-0: Ball
1-0: DOUBLE (Line Drive, 3D, EV 103.1 MPH)
Batting: RHB Wilfred Sanders 0-0: Ball
1-0: Called Strike
1-1: Ball
2-1: Foul Ball, location: 25F
2-2: Fly out, F4 (Popup, 4, EV 68.8 MPH)
Batting: RHB Jeff Jacobs 0-0: Called Strike
0-1: Ball
1-1: Called Strike
1-2: Foul Ball, location: 25FF
1-2: Ball
2-2: Foul Ball, location: 3FF
2-2: Strikes out swinging
Top of the 4th over - 0 runs, 1 hit, 0 errors, 1 left on base; Cleveland 0 - Detroit 2
BOTTOM OF THE 4TH
Detroit Tigers batting - Pitching for Cleveland Guardians : RHP Mario Medina
Batting: RHB Lião Palma 0-0: Foul Ball, location: 9LDF
0-1: Ball
1-1: Called Strike
1-2: Foul Ball, location: 2F
1-2: Ball
2-2: Ball
3-2: Fly out, F9 (Flyball, 89S, EV 85.0 MPH)
Batting: RHB Ed Hicks 0-0: Called Strike
0-1: Ball
1-1: Swinging Strike
1-2: Ball
2-2: Ball
3-2: Base on Balls
Batting: LHB Dave O'Rorke 0-0: Called Strike
Ed Hicks steals 2nd base (no throw)
0-1: Ball
1-1: Swinging Strike
1-2: Ball
2-2: Ball
3-2: Base on Balls
Batting: RHB José Castillo 0-0: Grounds into double play, 6-4-3 (Groundball, 6, EV 82.5 MPH)
Bottom of the 4th over - 0 runs, 0 hits, 0 errors, 1 left on base; Cleveland 0 - Detroit 2
TOP OF THE 5TH
Cleveland Guardians batting - Pitching for Detroit Tigers : LHP Alvin Williams
Batting: LHB Jesús Garza 0-0: Fly out, F8 (Flyball, 8RD, EV 93.8 MPH)
Batting: RHB Jorge Velázquez 0-0: Ball
1-0: Foul Ball, location: 9LSF
1-1: Ball
2-1: Swinging Strike
2-2: DOUBLE (Line Drive, 9LM, EV 106.9 MPH) - OUT at third base trying to stretch hit.
Batting: SHB Tim Webster 0-0: Foul Ball, location: 23F
0-1: Called Strike
0-2: Ball
1-2: Ball
2-2: Ball
3-2: Fly out, F8 (Flyball, 8LM, EV 91.3 MPH)
Top of the 5th over - 0 runs, 1 hit, 0 errors, 0 left on base; Cleveland 0 - Detroit 2
BOTTOM OF THE 5TH
Detroit Tigers batting - Pitching for Cleveland Guardians : RHP Mario Medina
Batting: LHB Luis Arroyo 0-0: Ball
1-0: Ball
2-0: Called Strike
2-1: Foul Ball, location: 9LDF
2-2: Fly out, F7 (Flyball, 7, EV 88.1 MPH)
Batting: RHB Luis Martínez 0-0: Ball
1-0: Called Strike
1-1: Foul Ball, location: 3DF
1-2: Ball
2-2: Fly out, F8 (Flyball, 89M, EV 89.4 MPH)
Batting: SHB Jorge Figueroa 0-0: Ball
1-0: Ball
2-0: Foul Ball, location: 3FF
2-1: DOUBLE (Line Drive, 7LS, EV 95.6 MPH)
Batting: LHB Shawn Kline 0-0: Called Strike
0-1: Ground out 4-3 (Groundball, 4S, EV 72.5 MPH)
Bottom of the 5th over - 0 runs, 1 hit, 0 errors, 1 left on base; Cleveland 0 - Detroit 2
TOP OF THE 6TH
Cleveland Guardians batting - Pitching for Detroit Tigers : LHP Alvin Williams
Batting: LHB Juan Morales 0-0: Called Strike
0-1: Ball
1-1: Ball
2-1: Foul Ball, location: 2F
2-2: Foul Ball, location: 7LMF
2-2: Ball
3-2: Base on Balls
Batting: RHB Faust Ghisolfi 0-0: Ball
1-0: Ball
2-0: Called Strike
2-1: Swinging Strike
2-2: Foul Ball, location: 2LF
2-2: Strikes out swinging
Pinch Hitting: SHB José Valentín 0-0: Swinging Strike
0-1: Grounds into double play, 4-6-3 (Groundball, 4, EV 89.4 MPH)
Top of the 6th over - 0 runs, 0 hits, 0 errors, 0 left on base; Cleveland 0 - Detroit 2
BOTTOM OF THE 6TH
Detroit Tigers batting - Pitching for Cleveland Guardians : RHP Mario Medina
Now in RF: José Valentín
Batting: LHB Gene Keys 0-0: Called Strike
0-1: Swinging Strike
0-2: Foul Ball, location: 23F
0-2: Strikes out looking
Batting: RHB Lião Palma 0-0: Called Strike
0-1: Ball
1-1: Ball
2-1: Ball
3-1: Base on Balls
Batting: RHB Ed Hicks 0-0: Called Strike
0-1: Ball
1-1: Foul Ball, location: 5FF
1-2: Foul Ball, location: 7LSFF
1-2: Ball
2-2: Ball
3-2: Fly out, F8 (Flyball, 8LD, EV 101.3 MPH)
Batting: LHB Dave O'Rorke 0-0: Foul Ball, location: 23FF
0-1: Ball
1-1: Called Strike
1-2: Ball
2-2: Strikes out swinging
Bottom of the 6th over - 0 runs, 0 hits, 0 errors, 1 left on base; Cleveland 0 - Detroit 2
TOP OF THE 7TH
Cleveland Guardians batting - Pitching for Detroit Tigers : LHP Alvin Williams
Batting: RHB José Rodríguez 0-0: Ball
1-0: Ball
2-0: Fly out, F8 (Line Drive, 8RD, EV 103.1 MPH)
Batting: RHB Wilfred Sanders 0-0: Called Strike
0-1: Called Strike
0-2: Ball
1-2: Ball
2-2: Foul Ball, location: 9LMF
2-2: Ground out U3 (Groundball, 34, EV 98.1 MPH)
Batting: RHB Jeff Jacobs 0-0: Called Strike
0-1: Fly out, F7 (Flyball, 7, EV 91.3 MPH)
Top of the 7th over - 0 runs, 0 hits, 0 errors, 0 left on base; Cleveland 0 - Detroit 2
BOTTOM OF THE 7TH
Detroit Tigers batting - Pitching for Cleveland Guardians : RHP Mario Medina
Batting: RHB José Castillo 0-0: Ball
1-0: Ground out 5-3 (Groundball, 56, EV 85.6 MPH)
Batting: LHB Luis Arroyo 0-0: Ball
1-0: Hit by Pitch
Batting: RHB Luis Martínez 0-0: Called Strike
0-1: Swinging Strike
0-2: Foul Ball, location: 2F
0-2: Ball
1-2: Foul Ball, location: 2F
1-2: Fly out, F9 (Flyball, 9LMF, EV 88.8 MPH)
Pitching: RHP Joe White
Batting: SHB Jorge Figueroa 0-0: Ball
1-0: Fielders Choice at 2nd, U4 (Groundball, 4M, EV 84.4 MPH)
Bottom of the 7th over - 0 runs, 0 hits, 0 errors, 1 left on base; Cleveland 0 - Detroit 2
TOP OF THE 8TH
Cleveland Guardians batting - Pitching for Detroit Tigers : LHP Alvin Williams
Now at 2B: Joaquín Medina
Batting: LHB Jesús Garza 0-0: Ball
1-0: Foul Ball, location: 9LMF
1-1: Foul Ball, location: 3FF
1-2: Strikes out swinging, 2-3 out at first.
Batting: RHB Jorge Velázquez 0-0: SINGLE (Groundball, 4MD, EV 100.6 MPH)
Batting: SHB Tim Webster 0-0: Called Strike
0-1: Foul Ball, location: 2F
0-2: Ball
1-2: SINGLE (Line Drive, 34D, EV 100.0 MPH)
Jorge Velázquez to second
Runner from 2nd tries for 3rd, SAFE, throw by RF made to third
Pinch Hitting: LHB Stan Walton 0-0: Ball
1-0: Ball
2-0: Fly out, F7 (Flyball, 7D, EV 81.9 MPH)
Runner from 3rd tags up, SCORES, no throw by LF
Batting: RHB Faust Ghisolfi 0-0: Called Strike
0-1: Swinging Strike
0-2: Strikes out swinging
Top of the 8th over - 1 run, 2 hits, 0 errors, 1 left on base; Cleveland 1 - Detroit 2
BOTTOM OF THE 8TH
Detroit Tigers batting - Pitching for Cleveland Guardians : RHP Joe White
Now at 1B: Stan Walton
Batting: LHB Shawn Kline 0-0: Ball
1-0: Swinging Strike
1-1: Fly out, F7 (Flyball, 78D, EV 84.4 MPH)
Batting: LHB Gene Keys 0-0: Foul Ball, location: 5SF
0-1: Called Strike
0-2: Ball
1-2: Strikes out swinging
Batting: RHB Lião Palma 0-0: Ball
1-0: Ball
2-0: Ground out 4-3 (Groundball, 4, EV 91.9 MPH)
Bottom of the 8th over - 0 runs, 0 hits, 0 errors, 0 left on base; Cleveland 1 - Detroit 2
TOP OF THE 9TH
Cleveland Guardians batting - Pitching for Detroit Tigers : LHP Alvin Williams
Pitching: RHP Jorge Rosa
Batting: SHB José Valentín 0-0: Fly out, F7 (Flyball, 7D, EV 93.8 MPH)
Pinch Hitting: SHB Kevin Brackett 0-0: Called Strike
0-1: Ball
1-1: Foul Ball, location: 2F
1-2: Ball
2-2: Ball
3-2: Foul Ball, location: 2F
3-2: Base on Balls
Batting: RHB Wilfred Sanders 0-0: Called Strike
0-1: Ball
1-1: Foul Ball, location: 2F
1-2: Ball
2-2: Strikes out looking
Batting: RHB Jeff Jacobs 0-0: Called Strike
0-1: Ball
1-1: Swinging Strike
1-2: Ball
2-2: Strikes out swinging
Top of the 9th over - 0 runs, 0 hits, 0 errors, 1 left on base; Cleveland 1 - Detroit 2
Sunday, March 24th , 2024 - OOTP Baseball 24.10 Build 82